 Dungeon Crawl Stone Soup version 0.23-a0-612-gcb482e9 (webtiles) character file.

2350 Firecrotchwizard the Grappler (level 9, -11/79 HPs)
             Began as a Ghoul Fighter on Dec 22, 2018.
             Was a Follower of Makhleb.
             Mangled by a skeletal warrior
             ... wielding a +2 mace
              (21 damage)
             ... on level 8 of the Dungeon.
             The game lasted 00:15:15 (5454 turns).

Firecrotchwizard the Grappler (Ghoul Fighter)       Turns: 5454, Time: 00:15:15

Health: -11/79     AC: 15    Str: 20    XL:     9   Next: 43%
Magic:  8/8        EV:  5    Int:  6    God:    Makhleb [*.....]
Gold:   431        SH: 11    Dex:  8    Spells: 8/8 levels left

rFire    . . .     SeeInvis .     - Unarmed
rCold    + + .     Gourm    .   s - +1 shield {AC+3}
rNeg     + + +     Faith    .   h - +0 chain mail
rPois    ∞         Spirit   .   l - +2 helmet
rElec    .         Reflect  .   (no cloak)
rCorr    .         Harm     .   (no gloves)
MR       .....                  (no boots)
Stlth    ..........             (no amulet)
HPRegen  0.00/turn              E - ring of protection from cold {rC+, !d}
MPRegen  0.11/turn              (no ring)

@: rotting
A: rotting body, claws 1, carnivore, cold resistance 1, negative energy
resistance 3, inhibited regeneration, torment resistance, unbreathing
a: Renounce Religion


You were on level 8 of the Dungeon.
You worshipped Makhleb.
Makhleb was aware of your devotion.
You were not hungry.

You visited 2 branches of the dungeon, and saw 9 of its levels.

You collected 431 gold pieces.

Inventory:

Hand Weapons
 b - a +3 hunting sling of freezing
   (You found it on level 1 of the Dungeon)
 D - a +0 halberd
   (You took it off a gnoll on level 6 of the Dungeon)
Missiles
 f - 25 sling bullets
 x - 7 curare-tipped needles
 z - 2 throwing nets {=f, !d}
Armour
 a - a +0 scale mail
 h - a +0 chain mail (worn)
   (You found it on level 2 of the Dungeon)
 l - a +2 helmet (worn)
   (You found it on level 2 of the Dungeon)
 m - a +0 shield
 s - a +1 shield of protection (worn)
   (You found it on level 2 of the Dungeon)
 v - a +0 large shield
   (You found it on level 3 of the Dungeon)
 H - a +0 plate armour
   (You took it off an orc warrior on level 6 of the Dungeon)
Jewellery
 E - a ring of protection from cold (left claw) {rC+, !d}
   (You found it on level 5 of the Dungeon)
Wands
 y - a wand of polymorph (23)
   (You found it on level 4 of the Dungeon)
Scrolls
 e - 3 scrolls of amnesia
 i - 2 scrolls of fear
 k - 2 scrolls of magic mapping {!r}
 o - 3 scrolls of remove curse
 q - 3 scrolls of identify
 r - 2 scrolls of teleportation
 w - 2 scrolls of enchant weapon
 I - a scroll of blinking {!r}
 J - a scroll of noise {!r}
Potions
 c - 2 potions of might
 g - 4 potions of heal wounds
 j - a potion of curing {unknown}
 n - 3 potions of agility {unknown}
 t - a potion of degeneration {unknown}
 u - 2 potions of lignification {unknown}
 A - 2 potions of flight {unknown}
 B - 2 potions of haste {unknown}
 C - 3 potions of ambrosia {unknown}
 F - 2 potions of mutation {unknown}
 G - a potion of invisibility {unknown}
Comestibles
 d - 13 rations
 p - 5 chunks of flesh {@w0}


   Skills:
 + Level 7.5 Fighting
 - Level 2.6 Armour
 + Level 6.2 Shields
 * Level 9.8 Unarmed Combat


You had 8 spell levels left.
You didn't know any spells.
Your spell library contained the following spells:

 Spells                   Type           Power        Failure   Level  Hunger
 Sticks to Snakes         Tmut           #.......     100%        2    ###....
 Beastly Appendage        Tmut           Unusable     N/A         1    N/A
 Spider Form              Tmut/Pois      Unusable     N/A         3    N/A
 Ice Form                 Ice/Tmut       Unusable     N/A         4    N/A
 Blade Hands              Tmut           Unusable     N/A         5    N/A

Dungeon Overview and Level Annotations

Branches:
Dungeon (8/15)             Temple (1/1) D:4
   Lair: D:8-11

Altars:
Elyvilon
Makhleb
Okawaru


Innate Abilities, Weirdness & Mutations

Your body is rotting away.
You thrive on raw meat.
You are immune to poison.
You have sharp fingernails.
You are carnivorous and can eat meat at any time.
Your flesh is cold resistant. (rC+)
You are immune to negative energy. (rN+++)
You do not regenerate when monsters are visible.
You are immune to unholy pain and torment.
You can survive without breathing.


Message History

You kill the kobold!
Makhleb accepts your kill. The kobold hits you with a +0 whip.
The kobold barely misses you.
You take 2 damage, and have 75/79 hp.
Some of the chunks of flesh in your inventory have rotted away.
Things that are here:
a +0 dagger; a kobold corpse You claw the kobold!
You kill the kobold!
Makhleb accepts your kill.
You feel better.
The ice beast hits you but does no damage.
The big kobold shoots a bolt.
You block the bolt.
Items here: (( ) † a bolt; a cursed -3 blowgun; 18 poisoned needles; a kobold corpse
Okay, then.
You closely miss the ice beast.
The ice beast hits you but does no damage.
You barely miss the ice beast. You block the ice beast's attack.
You barely miss the ice beast. You block the ice beast's attack.
You claw the ice beast! You block the ice beast's attack.
Your chain mail prevents you from hitting the ice beast.
You claw the ice beast!
You kill the ice beast!
Makhleb accepts your kill.
You closely miss the big kobold.
The big kobold unwields a +0 hand crossbow.
The big kobold hits you but does no damage.
You claw the big kobold! You block the big kobold's attack.
You claw the big kobold!
You kill the big kobold!
Makhleb accepts your kill.
You barely miss the skeletal warrior.
The skeletal warrior hits you but does no damage.
You scratch the skeletal warrior but do no damage.
You block the skeletal warrior's attack.
You claw the skeletal warrior! You claw the skeletal warrior!
The skeletal warrior hits you with a +2 mace.
You take 2 damage, and have 74/79 hp.
You scratch the skeletal warrior but do no damage.
You block the skeletal warrior's attack.
You scratch the skeletal warrior but do no damage.
You block the skeletal warrior's attack.
You closely miss the skeletal warrior. You closely miss the skeletal warrior.
You block the skeletal warrior's attack.
You barely miss the skeletal warrior.
You block the skeletal warrior's attack.
You scratch the skeletal warrior but do no damage.
You block the skeletal warrior's attack.
You closely miss the skeletal warrior.
You completely miss the skeletal warrior.
The skeletal warrior hits you with a +2 mace.
You take 2 damage, and have 72/79 hp.
You scratch the skeletal warrior.
The skeletal warrior hits you but does no damage.
You scratch the skeletal warrior.
The skeletal warrior hits you with a +2 mace!
You take 7 damage, and have 65/79 hp.
You closely miss the skeletal warrior.
You scratch the skeletal warrior but do no damage.
The skeletal warrior barely misses you.
You scratch the skeletal warrior but do no damage.
The skeletal warrior hits you with a +2 mace!
You take 15 damage, and have 50/79 hp.
Your chain mail prevents you from hitting the skeletal warrior.
You barely miss the skeletal warrior.
You block the skeletal warrior's attack.
You scratch the skeletal warrior but do no damage.
You block the skeletal warrior's attack.
You scratch the skeletal warrior but do no damage.
You claw the skeletal warrior!
The skeletal warrior hits you with a +2 mace.
You take 3 damage, and have 47/79 hp.
You claw the skeletal warrior!
The skeletal warrior hits you but does no damage.
You closely miss the skeletal warrior.
The skeletal warrior hits you with a +2 mace!
You take 11 damage, and have 36/79 hp.
You scratch the skeletal warrior but do no damage.
The skeletal warrior hits you with a +2 mace!!
* * * LOW HITPOINT WARNING * * *
You take 18 damage, and have 18/79 hp.
MASSIVE DAMAGE!!
You claw the skeletal warrior! You scratch the skeletal warrior.
The skeletal warrior hits you but does no damage.
You scratch the skeletal warrior but do no damage.
You block the skeletal warrior's attack.
You barely miss the skeletal warrior. You scratch the skeletal warrior.
The skeletal warrior hits you with a +2 mace!
* * * LOW HITPOINT WARNING * * *
You take 11 damage, and have 7/79 hp.
Eat one of 6 chunks of flesh {@w0}? (ye/n/q)
You eat one of the 6 chunks of flesh {@w0}.
This raw flesh tastes great!
The skeletal warrior hits you with a +2 mace!!
You die...

..#####..##....##........... ....
.................................
.......................[.........
.................................
..#<###.....................
..#.###...###..##.#####.####
..#............#KF.# .#
..........###.##z#(#######
..........# #.##@#)Kz%....
..###.....# #.##.#K#.#....
.##.##....# #.##.#K#K# ..
.#...#....# #....#.F .
.##.##....###.##.#.....
..#.#............#..#.#.
.............^...#..#.###
#.....#.#.####.#.#... .
....#..........#.#... .


You could see a skeletal warrior, a bullfrog and a kobold.

Vanquished Creatures
  A polar bear (D:8)
  A hippogriff (D:8)
  2 ice beasts
  An orc warrior (D:6)
  3 black bears
  3 sky beasts
  An ogre (D:8)
  A centaur (D:7)
  A big kobold (D:8)
  A bullfrog (D:8)
  A wyvern skeleton (D:8)
  A hornet simulacrum (D:8)
  A water moccasin skeleton (D:7)
  2 hounds
  3 orc priests
  3 orc wizards
  A centaur skeleton (D:8)
  An iguana (D:4)
  5 worker ants
  A hound skeleton (D:4)
  4 gnolls (D:6)
  A worker ant zombie (D:6)
  11 adders
  A shadow imp (D:6)
  2 white imps (D:8)
  An ufetubus (D:8)
  An adder zombie (D:7)
  A worm (D:5)
  2 leopard geckos (D:1)
  19 orcs
  8 bats
  7 giant cockroaches
  4 goblins
  6 hobgoblins
  6 jackals
  5 kobolds
  4 quokkas
  2 frilled lizards
  A jackal skeleton (D:4)
  2 quokka skeletons
  3 rats
125 creatures vanquished.

Notes
Turn   | Place    | Note
-------+----------+-------------------------------------------
     0 | D:1      | Firecrotchwizard the Ghoul Fighter began the quest for the
                  | Orb.
     0 | D:1      | Reached XP level 1. HP: 19/19 MP: 0/0
   110 | D:1      | Reached XP level 2. HP: 20/26 MP: 1/1
   569 | D:2      | Reached skill level 3 in Shields
   569 | D:2      | Reached skill level 3 in Unarmed Combat
   569 | D:2      | Reached XP level 3. HP: 12/33 MP: 2/2
  1191 | D:2      | Reached XP level 4. HP: 36/40 MP: 3/3
  1201 | D:3      | Reached skill level 4 in Fighting
  1221 | D:3      | Reached skill level 4 in Unarmed Combat
  1294 | D:3      | Reached XP level 5. HP: 45/46 MP: 4/4
  1970 | D:4      | Reached skill level 5 in Unarmed Combat
  1970 | D:4      | Reached XP level 6. HP: 50/53 MP: 5/5
  2405 | D:4      | Found a staircase to the Ecumenical Temple.
  2411 | Temple   | Entered the Ecumenical Temple
  2419 | Temple   | Became a worshipper of Makhleb the Destroyer
  2635 | D:5      | Entered Level 5 of the Dungeon
  3036 | D:5      | Reached skill level 4 in Shields
  3380 | D:6      | Reached skill level 5 in Fighting
  3402 | D:6      | Noticed a sky beast
  3429 | D:6      | Killed a sky beast
  3429 | D:6      | Reached skill level 6 in Unarmed Combat
  3429 | D:6      | Reached XP level 7. HP: 38/60 MP: 6/6
  4486 | D:7      | Reached skill level 7 in Unarmed Combat
  4502 | D:7      | Reached XP level 8. HP: 70/70 MP: 7/7
  4694 | D:7      | Reached skill level 6 in Fighting
  4706 | D:7      | Reached skill level 5 in Shields
  4775 | D:7      | Reached skill level 8 in Unarmed Combat
  4786 | D:7      | Reached * piety under Makhleb
  5175 | D:8      | Noticed a hippogriff
  5188 | D:8      | Killed a hippogriff
  5188 | D:8      | Reached skill level 9 in Unarmed Combat
  5188 | D:8      | Reached XP level 9. HP: 61/78 MP: 8/8
  5218 | D:8      | Reached skill level 7 in Fighting
  5234 | D:8      | Noticed a polar bear
  5247 | D:8      | Killed a polar bear
  5312 | D:8      | Reached skill level 6 in Shields
  5397 | D:8      | Noticed a skeletal warrior
  5448 | D:8      | HP: 18/79 [skeletal warrior/+2 mace (18)]
  5453 | D:8      | HP: 7/79 [skeletal warrior/+2 mace (11)]
  5454 | D:8      | Mangled by a skeletal warrior

Vault maps used:
D:1:      lightli_molten_gateway, minivault_14
D:4:      minmay_temple_entry_gardened_gates, first_ration
D:8:      minmay_tri_box, yredelemnul_forgotten_temple_becter, basic_altar,
          serial_ice, serial_ice_m, serial_ice_d, serial_ice_n, serial_ice_o,
          serial_ice_c, hangedman_pestilent_swarm, minmay_misc_feat_room,
          minmay_misc_feat_tiny, nicolae_elemental_shop
Temple:   regret_index_temple_sigil_plot

Skill      XL: |  1  2  3  4  5  6  7  8  9 |
---------------+----------------------------+-----
Shields        | 3 4 5 6 |  6.2
Unarmed Combat | 3 4 5 6 7 9 |  9.8
Fighting       | 4 5 6 7 |  7.5
Armour         | |  2.6

Action                   |  1- 3 |  4- 6 |  7- 9 || total
-------------------------+-------+-------+-------++-------
Melee: Unarmed           |   127 |   215 |   283 ||   625
  Use: Scroll            |       |    11 |     3 ||    14
       Potion            |       |       |     1 ||     1
  Eat: Chunk             |     3 |     7 |    26 ||    36
Armor: Scale mail        |    41 |       |       ||    41
       Chain mail        |    19 |   101 |   173 ||   293
Dodge: Dodged            |    31 |    31 |    56 ||   118
Block: Shield            |    76 |    86 |   151 ||   313

Table legend:
 A = Non-vault XP
 B = Vault XP
 C = Vault XP percentage of total XP
 D = Non-vault monster count
 E = Vault monster count
 F = Vault count percentage of total count
                 A         B        C        D         E       F
            +---------+---------+-------+---------+---------+-------
      Total |    2751 |     607 |  18.1 |     118 |       7 |   5.6
            +---------+---------+-------+---------+---------+-------
        D:1 |      27 |       0 |   0.0 |      16 |       0 |   0.0
        D:2 |      82 |       0 |   0.0 |      10 |       0 |   0.0
        D:3 |     138 |       0 |   0.0 |      20 |       0 |   0.0
        D:4 |     211 |       0 |   0.0 |      16 |       0 |   0.0
        D:5 |      82 |       0 |   0.0 |       7 |       0 |   0.0
        D:6 |     421 |       0 |   0.0 |      16 |       0 |   0.0
        D:7 |    1011 |       0 |   0.0 |      15 |       0 |   0.0
        D:8 |     779 |     607 |  43.8 |      18 |       7 |  28.0
            +---------+---------+-------+---------+---------+-------

Vault maps used:
D:1:      lightli_molten_gateway, minivault_14
D:4:      minmay_temple_entry_gardened_gates, first_ration
D:8:      minmay_tri_box, yredelemnul_forgotten_temple_becter, basic_altar,
          serial_ice, serial_ice_m, serial_ice_d, serial_ice_n, serial_ice_o,
          serial_ice_c, hangedman_pestilent_swarm, minmay_misc_feat_room,
          minmay_misc_feat_tiny, nicolae_elemental_shop
Temple:   regret_index_temple_sigil_plot

Table legend:
 A = Turns spent in this place as a percentage of turns spent in the entire game.
 B = Non-inter-level travel turns spent in this place as a percentage of non-inter-level travel turns spent in the entire game.
 C = Inter-level travel turns spent in this place as a percentage of turns spent in this place.
 D = Turns resting spent in this place as a percentage of non-inter-level travel turns spent in this place.
 E = Turns spent auto-exploring this place as a percentage of non-inter-level travel turns spent in this place.
 F = Non-inter-level travel turns spent in this place divided by the number of levels of this place that you've seen.
                   A       B       C       D       E      F
               +-------+-------+-------+-------+-------+----------------------
         Total | 100.0 | 100.0 |   6.4 |   8.9 |  67.5 | 567.0
       Dungeon |  99.7 |  99.8 |   6.3 |   8.9 |  67.6 | 636.8
        Temple |   0.3 |   0.2 |  47.1 |   0.0 |   0.0 |   9.0
               +-------+-------+-------+-------+-------+----------------------

Table legend:
 A = Kills in this place as a percentage of kills in entire the game.
 B = Kills by you in this place as a percentage of kills by you in the entire game.
 C = Kills by friends in this place as a percentage of kills by friends in the entire game.
 D = Other kills in this place as a percentage of other kills in the entire game.
 E = Experience gained in this place as a percentage of experience gained in the entire game.
 F = Experience gained in this place divided by the number of levels of this place that you have seen.
                   A       B       C       D       E      F
               +-------+-------+-------+-------+-------+----------------------
         Total | 100.0 | 100.0 |   N/A |   N/A | 100.0 | 373.1
       Dungeon | 100.0 | 100.0 |   N/A |   N/A | 100.0 | 419.8
               +-------+-------+-------+-------+-------+----------------------
